 Dungeon Crawl Stone Soup version 0.28.0 (webtiles) character file.

Game seed: 14892545168530794898

70 crazypyro the Skirmisher (level 4, -1/48 HPs)
             Began as an Ogre Monk on Feb 14, 2022.
             Was an Initiate of Ashenzari.
             Slain by a ball python (2 damage)
             ... on level 2 of the Dungeon.
             The game lasted 00:01:20 (1593 turns).

crazypyro the Skirmisher (Ogre Monk)                Turns: 1593, Time: 00:01:20

Health: -1/48      AC:  3    Str: 17    XL:     4   Next: 22%
Magic:  4/4        EV: 10    Int: 11    God:    Ashenzari [......]
Gold:   43         SH:  0    Dex: 11    Spells: 3/3 levels left

rFire   . . .      SeeInvis .   a - +0 mace
rCold   . . .      Faith    .   (no shield)
rNeg    . . .      Spirit   .   b - +0 robe
rPois   .          Reflect  .   (helmet restricted)
rElec   .          Harm     .   (no cloak)
rCorr   .          Rampage  .   (gloves unavailable)
Will    .....                   (boots unavailable)
Stlth   ++........              (no amulet)
HPRegen 0.16/turn               (no ring)
MPRegen 0.09/turn               (no ring)

@: no status effects
A: large, unfitting armour, tough skin 1
a: Renounce Religion, Curse Item


You were on level 2 of the Dungeon.
You worshipped Ashenzari.
Ashenzari was noncommittal.
You visited 1 branch of the dungeon, and saw 2 of its levels.

You collected 43 gold pieces.

Inventory:

Hand Weapons
 a - a +0 mace (weapon)
 d - a +0 spear of venom
Armour
 b - a +0 robe (worn)
Scrolls
 f - 2 scrolls of identify {unknown}
 g - a scroll of enchant weapon {unknown}
Potions
 c - 2 potions of haste {unknown}
 e - a potion of curing {unknown}


   Skills:
 - Level 4.3 Fighting
 + Level 3.5 Maces & Flails
 + Level 3.5 Dodging
 - Level 1.7 Stealth


You had 3 spell levels left.
You didn't know any spells.
Your spell library contained the following spells:

 Spells                   Type           Power      Damage    Failure   Level
 Ensorcelled Hibernation  Hex/Ice        0%         N/A       47%         2
 Passwall                 Tmut/Erth      0%         N/A       47%         2
 Swiftness                Air            0%         N/A       71%         3


Dungeon Overview and Level Annotations

Branches:
Dungeon (2/15)

Altars:
Ashenzari

Shops:
D:2 [

Annotations:
D:2 Natasha


Innate Abilities, Weirdness & Mutations

You are too large for most types of armour.
You have tough skin. (AC +1)


Message History

You miss Natasha.
Natasha is severely wounded.
The ball python closely misses you. Natasha claws you but does no damage.
The ball python closely misses you.
You hit Natasha but do no damage.
Natasha is severely wounded.
Natasha barely misses you. The ball python barely misses you.
The white imp gestures at you. The puff of frost hits you!
You barely miss Natasha.
Natasha is severely wounded.
The ball python barely misses you. Natasha claws you. The white imp hits you.
The white imp freezes you.
The ball python bites you but does no damage.
You barely miss Natasha.
Natasha is severely wounded.
Natasha claws you. The white imp gestures at you. The puff of frost hits you.
The ball python closely misses you. Natasha claws you.
You closely miss Natasha.
Natasha is severely wounded.
The white imp hits you but does no damage.
The ball python bites you but does no damage.
Natasha claws you but does no damage.
You miss Natasha.
Natasha is severely wounded.
The ball python bites you but does no damage.
The white imp gestures at you. The puff of frost misses you.
Natasha claws you but does no damage.
The ball python bites you but does no damage.
The white imp gestures at you. The puff of frost hits you!
* * * LOW HITPOINT WARNING * * *
You closely miss Natasha.
Natasha is severely wounded.
Natasha claws you.
* * * LOW HITPOINT WARNING * * *
The ball python bites you.
You die...

#(.........)...
#...............
#...............
#...............
#...............
##########.........∩.....
#........##....hS5?.....#
#........# #....@......#
.........# ######.#.....
.........# #.# ... .........#
#.# ... .†.......#
#.####.......
...†....#########..>.........
...................###........
.......##....####.## #........
<.....## #.####.####........


You could see Natasha, a white imp (summoned) and a ball python.

Vanquished Creatures
  Natasha (D:2)
  A gnoll (D:1)
  A worm (D:2)
  A dart slug (D:1)
  2 ball pythons (D:1)
  4 endoplasms
  2 giant cockroaches (D:1)
  A goblin (D:1)
  3 hobgoblins (D:1)
  3 jackals (D:1)
  A quokka (D:1)
  A bat (D:1)
  4 frilled lizards
  3 kobolds (D:1)
  A rat (D:2)
29 creatures vanquished.

Vanquished Creatures (others)
  3 plants (D:1)
3 creatures vanquished.

Grand Total: 32 creatures vanquished

Notes
Turn   | Place    | Note
-------+----------+-------------------------------------------
     0 | D:1      | crazypyro the Ogre Monk began the quest for the Orb.
     0 | D:1      | Reached XP level 1. HP: 24/24 MP: 1/1
   372 | D:1      | Reached XP level 2. HP: 28/32 MP: 2/2
   667 | D:1      | Reached XP level 3. HP: 39/39 MP: 3/3
   952 | D:1      | Found a faded altar of an unknown god.
  1033 | D:1      | Prayed at the altar of an unknown god.
  1033 | D:1      | Became a worshipper of Ashenzari the Shackled
  1433 | D:2      | Noticed Natasha
  1445 | D:2      | Killed Natasha
  1446 | D:2      | Reached XP level 4. HP: 30/48 MP: 4/4
  1582 | D:2      | Found Pehurib's Armour Boutique.
  1583 | D:2      | Noticed Natasha
  1593 | D:2      | HP: 1/48 [Natasha (5)]
  1593 | D:2      | Slain by a ball python

Illustrated notes

Levels and vault maps discovered:
D:1:      lightli_arrival_maybe_door_vault, layout_rooms,
          shapermc_ecumenical_altar_hornbeckon, minmay_misc_feat_five,
          chequers_big_river, minmay_split_cup_large
D:2:      layout_rooms, serial_shops, shop, uniq_natasha

Skill      XL: |  1  2 |
---------------+-------+-----
Maces & Flails | 3 |  3.5
Dodging        | 3 |  3.5
Fighting       | |  4.3
Stealth        | |  1.7

Action                   |  1- 3 |  4- 6 || total
-------------------------+-------+-------++-------
Melee: Mace              |    51 |     8 ||    59
       Spear             |    55 |       ||    55
 Stab: Sleeping          |     1 |       ||     1
Armor: Robe              |    37 |     9 ||    46
Dodge: Dodged            |    56 |     7 ||    63
